 Dungeon Crawl Stone Soup version 0.28-a0-1518-gbe868bca14 (webtiles) character file.

Game seed: 15088622950760841326

54098 Ijustatesigmund the Warrior (level 14, -1/138 HPs)
             Began as a Hill Orc Fighter on Jan 17, 2022.
             Was a High Priest of Cheibriados.
             Engulfed by a cloud of freezing vapour (10 damage)
             ... in an ice cave.
             The game lasted 00:32:58 (14859 turns).

Ijustatesigmund the Warrior (Hill Orc Fighter)     Turns: 14859, Time: 00:32:58

Health: -1/138     AC: 25    Str: 36    XL:     14   Next: 71%
Magic:  15/33      EV:  9    Int: 20    God:    Cheibriados [*****.]
Gold:   2297       SH: 20    Dex: 22    Spells: 11/13 levels left

rFire   . . .      SeeInvis .   a - +9 broad axe of Xom's Brutal Revenge {vorpal, Will+ MP+9}
rCold   . . .      Faith    .   c - +2 tower shield
rNeg    . . .      Spirit   .   b - +2 plate armour {Will+}
rPois   +          Reflect  .   (no helmet)
rElec   .          Harm     .   z - +0 cloak
rCorr   .          Rampage  .   t - +0 pair of gloves {hurl}
Will    +++..                   s - +1 pair of boots {Stlth+}
Stlth   ..........              h - amulet of regeneration
HPRegen 1.13/turn               e - +4 ring of protection
MPRegen 0.23/turn               q - ring of poison resistance

@: very slow
A: no striking features
a: Renounce Religion, Bend Time, Temporal Distortion, Slouch, Step From Time


You were in an ice cave.
You worshipped Cheibriados.
Cheibriados was extremely pleased with you.
You visited 3 branches of the dungeon, and saw 18 of its levels.
You also visited: Bailey and Ice Cave.

You collected 2619 gold pieces.
You spent 322 gold pieces at shops.

Inventory:

Hand Weapons
 a - the +9 broad axe of Xom's Brutal Revenge (weapon) {vorpal, Will+ MP+9}
   (You took it off a gnoll shaman on level 10 of the Dungeon)

   It inflicts extra damage upon your enemies.
   MP:        It affects your magic capacity (+9).
   Will:      It increases your willpower.
 D - a +2 war axe
 E - a +0 morningstar
Missiles
 r - 3 silver javelins (quivered)
 v - 2 throwing nets
Armour
 b - a +2 plate armour of willpower (worn)
 c - a +2 tower shield (worn)
 s - a +1 pair of boots of stealth (worn)
 t - a +0 pair of gloves of hurling (worn)
 z - a +0 cloak (worn)
Jewellery
 e - a +4 ring of protection (left hand)
 h - an amulet of regeneration (around neck)
 l - an amulet of the acrobat
 m - a ring of wizardry
 q - a ring of poison resistance (right hand)
 C - a ring of see invisible
 L - a ring of fire
 M - an amulet of magic regeneration
Wands
 u - a wand of mindburst (7)
 y - a wand of flame (25)
 A - a wand of paralysis (21)
 G - a wand of polymorph (4)
 K - a wand of iceblast (4)
Scrolls
 B - a scroll of holy word
 F - a scroll of enchant weapon
 H - a scroll of summoning
 I - a scroll of brand weapon {unknown}
Potions
 f - 3 potions of magic
 g - 2 potions of resistance
 i - 4 potions of invisibility
 j - a potion of might
 k - 2 potions of cancellation
 n - 2 potions of flight
 o - 3 potions of mutation
 p - 4 potions of curing
 w - 3 potions of berserk rage
 x - 3 potions of lignification
 J - a potion of brilliance


   Skills:
 + Level 16.6 Fighting
 + Level 16.0 Axes
 - Level 3.4 Throwing
 - Level 10.1 Armour
 + Level 5.8 Dodging
 - Level 9.3 Shields
 - Level 4.6 Translocations
 + Level 13.3 Invocations


You had 11 spell levels left.
You knew the following spells:

 Your Spells              Type           Power      Damage    Failure   Level
a - Blink                 Tloc           36%        N/A       83%         2

Your spell library contained the following spells:

 Spells                   Type           Power      Damage    Failure   Level
 Beastly Appendage        Tmut           0%         N/A       100%        1
 Foxfire                  Conj/Fire      0%         2x1d4     100%        1
 Sandblast                Erth           0%         2d4       100%        1
 Shock                    Conj/Air       0%         1d3       100%        1
 Passwall                 Tmut/Erth      0%         N/A       100%        2
 Scorch                   Fire           0%         2d5       100%        2
 Wereblood                Tmut           0%         N/A       100%        2
 Conjure Flame            Conj/Fire      0%         6-21      100%        3
 Inner Flame              Hex/Fire       0%         N/A       100%        3
 Ozocubu's Armour         Ice            0%         N/A       100%        3
 Spider Form              Tmut/Pois      0%         N/A       100%        3
 Stone Arrow              Conj/Erth      0%         3d7       100%        3
 Swiftness                Air            0%         N/A       100%        3
 Airstrike                Air            0%         N/A       100%        4
 Flame Wave               Conj/Fire      0%         2d4       100%        4
 Fireball                 Conj/Fire      0%         3d3       100%        5
 Manifold Assault         Tloc           18%        N/A       100%        5
 Starburst                Conj/Fire      0%         6d3       100%        6
 Summon Cactus Giant      Summ           0%         N/A       100%        6
 Ozocubu's Refrigeration  Ice            0%         4d5       100%        7
 Storm Form               Tmut/Air       0%         N/A       100%        7
 Ignition                 Fire           0%         3d3       100%        8


Dungeon Overview and Level Annotations

Branches:
Dungeon (13/15)            Temple (1/1) D:7            Lair (4/6) D:10
 Shoals (0/4) Lair:4        Snake (0/4) Lair:2          Orc (0/2) D:11
 Vaults (0/5) D:13         Bailey (visited)           IceCv (1/1)

Altars:
Ashenzari
Cheibriados
Dithmenos
Fedhas
Gozag
Hepliaklqana
Kikubaaqudgha
Makhleb
Qazlal
Trog
Uskayaw
Yredelemnul

Shops:
D:6 [   D:9 !   D:12 [

Annotations:
D:12 2 transporters, P0WERM0DE's ghost, journeyman MiCK


Message History

The entropy weaver simulacrum hits you but does no damage. x2
You block the entropy weaver simulacrum's attack.
The entropy weaver simulacrum closely misses you.
You block the entropy weaver simulacrum's attack.
The entropy weaver simulacrum hits you.
* * * LOW HITPOINT WARNING * * *
The entropy weaver simulacrum freezes you!!
* * * LOW HITPOINT WARNING * * *
The entropy weaver simulacrum barely misses you.
Okay, then.
You feel much better.
The entropy weaver simulacrum hits you but does no damage. x3
You block the entropy weaver simulacrum's attack. x2
The entropy weaver simulacrum hits you but does no damage. x3
You completely miss the entropy weaver simulacrum.
The entropy weaver simulacrum is heavily damaged.
You slash the entropy weaver simulacrum!
The entropy weaver simulacrum hits you but does no damage. x2
You block the entropy weaver simulacrum's attack.
The entropy weaver simulacrum hits you but does no damage.
You block the entropy weaver simulacrum's attack.
The entropy weaver simulacrum closely misses you.
The entropy weaver simulacrum hits you but does no damage.
The entropy weaver simulacrum hits you.
* * * LOW HITPOINT WARNING * * *
The entropy weaver simulacrum freezes you!!
* * * LOW HITPOINT WARNING * * *
You step out of the flow of time.
You return to the normal time flow.
Cheibriados lowers the support of your attributes as your movement quickens.
Aiming: Throw Flame
Press: ? - help, Shift-Dir - straight line, f - entropy weaver simulacrum
Aim: an entropy weaver simulacrum (almost destroyed, 77% to hit)
The puff of flame hits the entropy weaver simulacrum!
The entropy weaver simulacrum melts!
The entropy weaver simulacrum vaporises!
Cheibriados appreciates the change of pace.
You hear a sizzling sound!
A polar bear simulacrum comes into view.
You are engulfed in freezing vapours.
You die...

##### ****** ##...##
*****,,,,*** ##..∩..##
***,,,,,*,,,,* #.......#
*,,,*,,*****,, #...∩...#
**,,**** ***
##.....######***,,#* *
##...###§..##**...***
##...##.§§#.#.....,,****
#...##.§@§§.......,,,,,*
#...###§§§##......,,,,,*
##...#.§§.#*,.....,,8****
##......##*,,....,,** **
##..##.#*,,**#..,,,***,
*#..#####,,*****#**,,*,,
#..## **,,,*** **,,,*
***#.Z**** **,,,,***
**,** **,#...,*,**
***,,,,** ****


You could see a polar bear simulacrum (wandering).

Vanquished Creatures
  Frances (D:13)
  Harold (Lair:1)
  7 hydras
  A boulder beetle (D:12)
  2 dancing weapons (D:13)
  5 two-headed ogres
  6 death yaks (Lair:4)
  A death knight (D:12)
  Sonja (D:12)
  A skeletal warrior (D:12)
  A wizard (D:12)
  4 manticores
  2 ugly things
  5 large abominations (D:12)
  A cyclops (D:11)
  Maurice (D:13)
  A gargoyle (D:13)
  Joseph (D:7)
  A black mamba (Lair:2)
  6 cane toads
  A torpor snail (Lair:2)
  An unseen horror (D:11)
  5 komodo dragons
  A yaktaur (shapeshifter) (D:13)
  A kobold demonologist (D:13)
  An entropy weaver simulacrum (IceCv)
  9 rime drakes
  A freezing wraith (D:12)
  7 trolls
  A polar bear (Lair:4)
  A hornet (Lair:2)
  Grinder (D:3)
  7 slime creatures
  10 blink frogs (Lair:1)
  A meliai zombie (D:11)
  2 dream sheep (Lair:2)
  6 wraiths
  6 wyverns
  29 yaks
  9 steam dragons (Lair:3)
  7 small abominations (D:12)
  3 basilisks
  3 death yak simulacra
  Menkaure (D:4)
  2 vampire mosquitoes (D:13)
  2 nagas (Lair:2)
  3 acid dragons
  14 water moccasins
  11 orc warriors
  A sky beast (D:8)
  A black bear (D:8)
  4 ogres
  4 centaurs
  6 kobold brigands
  17 bullfrogs
  4 gnoll sergeants
  2 cane toad simulacra
  A wyvern skeleton (D:6)
  A water moccasin skeleton (D:6)
  19 killer bees
  9 howler monkeys
  14 wights
  2 jellies
  2 gnoll shamans
  3 orc priests
  2 centaur zombies
  A centaur skeleton (D:7)
  Jessica (D:2)
  Terence (D:2)
  5 iguanas
  9 orc wizards
  A polar bear simulacrum (IceCv)
  3 wolf simulacra (Lair:4)
  A hound skeleton (D:5)
  A howler monkey zombie (D:10)
  26 gnolls
  4 adders
  A shadow imp (D:8)
  A white imp (IceCv)
  An ufetubus (D:6)
  2 dart slugs (D:4)
  40 orcs
  3 ball pythons
  8 endoplasms
  5 giant cockroaches
  11 goblins
  3 hobgoblins
  4 quokkas
  4 bats
  3 frilled lizards
  24 kobolds
  6 rats
456 creatures vanquished.

Vanquished Creatures (collateral kills)
  2 wights (D:8)
2 creatures vanquished.

Vanquished Creatures (others)
  A steam dragon (Lair:3)
  12 fungi
  26 plants
39 creatures vanquished.

Grand Total: 497 creatures vanquished

Notes
Turn   | Place    | Note
-------+----------+-------------------------------------------
     0 | D:1      | Ijustatesigmund the Hill Orc Fighter began the quest for
                  | the Orb.
     0 | D:1      | Reached XP level 1. HP: 19/19 MP: 1/1
   233 | D:1      | Reached XP level 2. HP: 27/27 MP: 2/2
   706 | D:1      | Reached XP level 3. HP: 33/33 MP: 3/3
   887 | D:1      | Found a faded altar of an unknown god.
  1066 | D:2      | Noticed Jessica
  1078 | D:2      | Killed Jessica
  1079 | D:2      | Reached XP level 4. HP: 11/41 MP: 4/4
  1396 | D:2      | Noticed Terence
  1400 | D:2      | Reached skill level 5 in Axes
  1408 | D:2      | Killed Terence
  1520 | D:2      | Found a shadowy altar of Dithmenos.
  2159 | D:3      | Noticed Grinder
  2160 | D:3      | Reached XP level 5. HP: 47/47 MP: 5/5
  2184 | D:3      | Reached skill level 10 in Axes
  2184 | D:3      | Reached XP level 6. HP: 17/71 MP: 6/6
  2184 | D:3      | Paralysed by Grinder for 6 turns
  2195 | D:3      | Killed Grinder
  2673 | D:3      | Reached XP level 7. HP: 78/78 MP: 7/7
  3183 | D:4      | Identified a scroll of acquirement
  3189 | D:4      | Acquired a +2 plate armour of willpower
  3206 | D:4      | Noticed Menkaure
  3217 | D:4      | Killed Menkaure
  3751 | D:5      | Entered Level 5 of the Dungeon
  3879 | D:5      | Reached skill level 5 in Armour
  4044 | D:5      | Reached XP level 8. HP: 81/85 MP: 8/8
  4328 | D:6      | Found Oreugami's Antique Armour Emporium.
  4334 | D:6      | Bought a pair of glowing boots for 127 gold pieces
  4493 | D:7      | Found a hazy altar of Hepliaklqana.
  4512 | D:7      | Noticed a troll
  4521 | D:7      | Killed a troll
  4576 | D:7      | Noticed Joseph
  4583 | D:7      | Killed Joseph
  4596 | D:7      | Reached XP level 9. HP: 92/92 MP: 9/9
  4659 | D:7      | HP: 3/92 [goblin (4)]
  4697 | D:7      | Found a flagged portal.
  4706 | Bailey   | Entered a bailey
  5033 | Bailey   | Reached skill level 5 in Shields
  5033 | Bailey   | Reached XP level 10. HP: 97/97 MP: 10/10
  5377 | D:7      | Reached skill level 10 in Armour
  5558 | D:7      | Found a blossoming altar of Fedhas.
  5599 | D:7      | Found a staircase to the Ecumenical Temple.
  5707 | Temple   | Entered the Ecumenical Temple
  5714 | Temple   | Became a worshipper of Cheibriados the Contemplative
  5929 | D:6      | Reached skill level 1 in Invocations
  6697 | D:8      | Acquired 1189 gold pieces
  6712 | D:8      | Found a basalt altar of Yredelemnul.
  6712 | D:8      | Found a hide-covered altar of Uskayaw.
  6713 | D:8      | Found an ancient bone altar of Kikubaaqudgha.
  6719 | D:8      | Reached * piety under Cheibriados
  6737 | D:8      | Learned a level 2 spell: Blink
  6847 | D:8      | Reached XP level 11. HP: 90/92 MP: 13/13
  6848 | D:8      | Reached skill level 1 in Translocations
  6970 | D:8      | Reached ** piety under Cheibriados
  7092 | D:8      | Noticed a two-headed ogre
  7101 | D:8      | Killed a two-headed ogre
  7102 | D:8      | Reached skill level 5 in Invocations
  7597 | D:9      | Found Kapruddum's Distillery.
  7604 | D:9      | Bought a potion of heal wounds for 75 gold pieces
  7604 | D:9      | Bought a potion of berserk rage for 75 gold pieces
  7604 | D:9      | Bought a potion of lignification for 45 gold pieces
  7809 | D:9      | Reached *** piety under Cheibriados
  7923 | D:9      | Reached skill level 1 in Throwing
  7977 | D:9      | Noticed a two-headed ogre
  7982 | D:9      | Killed a two-headed ogre
  8317 | D:10     | Entered Level 10 of the Dungeon
  8399 | D:10     | Noticed a two-headed ogre
  8416 | D:10     | Killed a two-headed ogre
  8467 | D:10     | Found a staircase to the Lair.
  8620 | D:10     | Identified the +9 broad axe of Xom's Brutal Revenge
                  | {vorpal, Will+ MP+9}
  8628 | D:10     | Reached **** piety under Cheibriados
  8879 | D:10     | Found a burning altar of Makhleb.
  8888 | D:10     | Noticed an Executioner
  9111 | D:11     | Reached XP level 12. HP: 114/116 MP: 17/17
  9124 | D:11     | Noticed a two-headed ogre
  9125 | D:11     | Noticed a six-headed hydra
  9427 | D:11     | Killed a six-headed hydra
  9431 | D:11     | Killed a two-headed ogre
  9620 | D:11     | Found a staircase to the Orcish Mines.
 10219 | D:12     | Reached ***** piety under Cheibriados
 10243 | D:12     | Noticed a boulder beetle
 10251 | D:12     | Killed a boulder beetle
 10290 | D:12     | Noticed a four-headed hydra
 10290 | D:12     | Noticed Sonja
 10290 | D:12     | Noticed a death knight
 10303 | D:12     | Killed Sonja
 10318 | D:12     | Killed a death knight
 10366 | D:12     | Killed a four-headed hydra
 10502 | D:12     | Noticed a two-headed ogre
 10504 | D:12     | Found a bloodstained altar of Trog.
 10504 | D:12     | Noticed P0WERM0DE's ghost (journeyman MiCK)
 10504 | D:12     | Noticed a two-headed ogre
 10504 | D:12     | Noticed a tengu warrior
 10505 | D:12     | Found a transporter.
 10506 | D:12     | Noticed a two-headed ogre
 10580 | D:12     | Found a transporter.
 10592 | D:12     | Found Gamno's Antique Armour Shop.
 10665 | D:12     | Noticed a two-headed ogre
 10674 | D:12     | Killed a two-headed ogre
 10675 | D:12     | Reached skill level 10 in Invocations
 10936 | D:12     | Reached XP level 13. HP: 125/125 MP: 20/20
 11120 | D:12     | Identified the +1 plate armour "Udwoad" {Int+3}
 11122 | D:12     | Identified the +5 ring mail "Lovig" {rC+ Int-5 Stlth+}
 11166 | D:12     | Found the ring of the Octopus King {rN+ AC+1 EV+1 Str+1
                  | Int+1 Dex+1}
 11293 | D:13     | Reached skill level 15 in Fighting
 11425 | D:13     | Noticed Frances
 11441 | D:13     | Killed Frances
 11511 | D:13     | Noticed Maurice
 11521 | D:13     | Killed Maurice
 11967 | D:13     | Found a gate to the Vaults.
 12437 | Lair:1   | Entered Level 1 of the Lair of Beasts
 12618 | Lair:1   | Noticed Harold
 12629 | Lair:1   | Killed Harold
 12801 | Lair:1   | Reached skill level 15 in Axes
 13079 | Lair:2   | Found a staircase to the Snake Pit.
 13201 | Lair:2   | Reached XP level 14. HP: 136/136 MP: 23/23
 13943 | Lair:3   | Reached skill level 5 in Dodging
 14772 | Lair:4   | Reached ****** piety under Cheibriados
 14811 | Lair:4   | Found a frozen archway.
 14825 | IceCv    | Entered an ice cave
 14859 | IceCv    | Engulfed by a cloud of freezing vapour

Illustrated notes

Levels and vault maps discovered:
D:1:      scummos_arrival_checkerplants, layout_basic,
          dilly_ecumenical_altar_fadedgnrine, serial_bayou_lake_a
D:2:      layout_rooms, basic_altar, uniq_terence, uniq_jessica
D:3:      layout_basic, uniq_grinder
D:4:      layout_cave_pods, uniq_menkaure
D:5:      layout_basic
D:6:      layout_basic, serial_shops, nicolae_square_shop, serial_glass,
          glass_columns_b, glass_columns_b, glass_columns_a, glass_columns_a,
          glass_columns_a, glass_columns_c, glass_columns_a, glass_columns_a,
          glass_columns_b, glass_columns_a, glass_columns_c, glass_columns_b,
          glass_columns_a, glass_columns_a
D:7:      layout_basic, mainiacjoe_overflow_swirl, minmay_temple_entry_grid,
          enter_bailey_3, uniq_joseph
D:8:      minmay_four_partial_circles, layout_basic,
          gammafunk_temple_overflow_claw, columned_hall_lemuel,
          lightli_orcish_oven
D:9:      layout_loops_ring, serial_shops, nicolae_shop_crystal
D:10:     layout_rooms, makhleb_altar_promises_db, erik_lair_dragon,
          chequers_serial_rivers_marsh
D:11:     layout_loops_ring, kennysheep_orc_monster_closet_entryway,
          grunt_decor_cap
D:12:     layout_irregular_city, serial_shops, nicolae_shop_stone,
          gammafunk_ghost_wrathful_warriors, laboratory, uniq_sonja
D:13:     layout_basic, erik_vaults_1, kennysheep_doodads,
          nicolae_figureground_pulse, uniq_frances, uniq_maurice
Temple:   nicolae_temple_elliptical
Lair:1:   layout_misc_corridors, grunt_megastairs_4, infiniplex_staircase_pool,
          uniq_harold
Lair:2:   layout_roguey, guppyfry_snake_entry_garden,
          chequers_serial_rivers_micro_c, grunt_megastairs_2
Lair:3:   layout_regular_city, bobbens_dragon_lair_wall,
          infiniplex_staircase_pool_2
Lair:4:   layout_loops_ring, elwin_shoals_entry_rocks,
          portal_ice_cave_entry_ice_simulacra
IceCv:    ice_cave_small_necro

Skill      XL: |  1  2  3  4  5  6  7  8  9 10 11 12 13 14 |
---------------+-------------------------------------------+-----
Axes           | 3 4 5 10 11 12 13 15 16 | 16.0
Fighting       | 4 12 13 14 15 16 | 16.6
Armour         | 5 7 9 10 | 10.1
Dodging        | 3 4 5 |  5.8
Shields        | 5 6 8 9 |  9.3
Invocations    | 3 7 10 12 13 | 13.3
Translocations | 4 |  4.6
Throwing       | 3 |  3.4

Action                   |  1- 3 |  4- 6 |  7- 9 | 10-12 | 13-15 || total
-------------------------+-------+-------+-------+-------+-------++-------
Melee: War axe           |    79 |    72 |   211 |   382 |       ||   744
       Broad axe         |       |       |       |   132 |   360 ||   492
       Morningstar       |       |       |       |    17 |    32 ||    49
Throw: Javelin           |       |       |     6 |    17 |     4 ||    27
       Throwing net      |       |       |       |     1 |       ||     1
Invok: Slouch            |       |       |       |     3 |     4 ||     7
       Bend Time         |       |       |       |     1 |     4 ||     5
       Step From Time    |       |       |       |       |     1 ||     1
       Temporal Distorti |       |       |       |       |     1 ||     1
Evoke: Wand              |       |       |     1 |     2 |     3 ||     6
  Use: Potion            |     1 |     5 |     5 |     2 |     3 ||    16
       Scroll            |       |     3 |    12 |    11 |     3 ||    29
 Stab: Held in net/web   |       |       |       |     1 |       ||     1
Armor: Scale mail        |    26 |     4 |       |       |       ||    30
       Chain mail        |       |    27 |    15 |       |       ||    42
       Plate armour      |       |       |   143 |   371 |   240 ||   754
Dodge: Dodged            |    41 |    27 |    78 |   256 |   150 ||   552
Block: Buckler           |    22 |    14 |    44 |   185 |   102 ||   367
       Tower shield      |       |       |       |       |   146 ||   146

Table legend: (Time is in decaauts)
 A = Elapsed time spent in this place.
 B = Non-inter-level travel time spent in this place.
 C = Inter-level travel time spent in this place.
 D = Time resting spent in this place.
 E = Time spent auto-exploring this place.
 F = Levels seen in this place.
 G = Mean time per level.
                   A        B        C        D        E       F      G
               +--------+--------+--------+--------+--------+-----+--------+
         Total |  19457 |  18378 |   1079 |   1672 |  13383 |  20 |  972.8 |
       Dungeon |  14821 |  13864 |    957 |   1488 |   9942 |  13 | 1140.1 |
        Temple |     16 |      7 |      9 |      0 |      0 |   1 |   16.0 |
          Lair |   4105 |   3993 |    112 |     60 |   3221 |   4 | 1026.2 |
        Bailey |    460 |    460 |      0 |    124 |    196 |   1 |  460.0 |
      Ice Cave |     53 |     53 |      0 |      0 |     24 |   1 |   53.0 |
               +--------+--------+--------+--------+--------+-----+--------+

Top non-repeatable levels by time:
    D:11: 1546 daAuts
    D:13: 1539 daAuts
    D:12: 1501 daAuts
  Lair:3: 1501 daAuts
     D:8: 1446 daAuts
    D:10: 1389 daAuts
  Lair:2: 1314 daAuts
     D:9: 1313 daAuts
     D:1: 1088 daAuts
  Lair:1: 1009 daAuts
     D:7: 950 daAuts
     D:4: 928 daAuts
     D:2: 920 daAuts
     D:3: 892 daAuts
     D:6: 843 daAuts
